[Event "Lliga Catalana DH 2023"]
[Site "Catalonia"]
[Date "2023.04.15"]
[Round "11.1"]
[White "Gines Esteo, Pedro Antonio"]
[Black "Van Foreest, Lucas"]
[Result "1/2-1/2"]
[ECO "D37"]
[WhiteElo "2505"]
[BlackElo "2570"]
[Annotator "TA"]
[PlyCount "222"]
[EventDate "2023.01.24"]
[EventType "team-tourn"]
[EventCountry "ESP"]
[SourceTitle "playchess.com"]
[Source "ChessBase"]
[SourceQuality "1"]
[TimeControl "40/5400+30:1800+30"]

1. c4 e6 2. Nc3 d5 3. d4 a6 4. cxd5 exd5 5. Nf3 Nf6 6. Bg5 Be6 7. Bxf6 Qxf6 8. Qb3 Ra7 9. g3 Qd8 10. h4 Be7 11. Bh3 Bxh3 12. Rxh3 c6 13. e4 dxe4 14. Nxe4 O-O 15. O-O-O Qd5 16. Qxd5 cxd5 17. Nc3 Rd8 18. Rhh1 Bb4 19. Ne2 Bd6 20. Ne5 Nd7 21. Nxd7 Rxd7 22. Kc2 Ra8 23. Kd3 Bb4 24. Rc1 Rad8 25. Rc2 Kf8 26. Nf4 Bd6 27. Ng2 (27. Nxd5 Bxg3 28. fxg3 Rxd5 $17) 27... Rc7 (27... h5 $11 {keeps the balance.}) 28. Rxc7 $16 Bxc7 29. Rc1 Bb8 30. Ne3 Ke7 31. Re1 Kf8 32. Rc1 Ke7 33. Re1 Kf8 $1 34. b4 g6 35. b5 axb5 36. Rb1 Bd6 $1 37. Rxb5 Ra8 38. Nxd5 Rxa2 39. Nc3 (39. Rxb7 Rxf2 40. g4 Rh2 $15) 39... Ra7 $1 40. h5 Ke8 41. Nd5 Kd7 42. Rb6 Ra3+ 43. Ke2 Ra2+ 44. Kf3 Ra5 45. Ne3 Ra7 46. g4 Bc7 47. Rb5 (47. Rf6 $5 Ke8 $8 48. Ke4 $11) 47... b6 48. d5 gxh5 49. gxh5 Ra4 50. Ke2 Rh4 51. d6 Bd8 52. Rf5 Ke6 53. f4 Rh3 54. Re5+ Kxd6 55. Rd5+ Kc7 56. Rf5 f6 57. Kd3 Rh1 58. Kd4 {[%emt 0:00:36] [#]} (58. Ke4 $15) 58... Ra1 $1 $17 59. Nd5+ Kd6 60. Nc3 (60. Nxf6 $2 {loses.} Ke6 61. Re5+ Kxf6 $19) 60... Ra5 61. Rb5 Rxb5 62. Nxb5+ Ke6 63. Ke4 f5+ 64. Kd4 Bf6+ 65. Kc4 Bb2 (65... Be7 $17 {aiming for ...Bd6.} 66. Nc7+ Kd7) 66. Nc7+ $1 $15 Kd6 67. Na8 (67. Nb5+ $15 {feels stronger.} Ke7 68. Nc7) 67... b5+ $17 68. Kxb5 Kd5 ({Don't blunder} 68... Bc1 $2 69. Nb6 $19) (68... Bd4 $17 69. Kc4 Be3) 69. Nc7+ $1 $11 Ke4 70. Ne6 h6 71. Kc4 Bc1 (71... Kf3 $5 72. Kd3 $8 Bc1 73. Nd4+ Kg4 $19) 72. Ng7 ({Avoid the trap} 72. Nc5+ $2 Kf3 73. Kd3 Bxf4 $19) 72... Bxf4 73. Nxf5 $1 Kxf5 74. Kd3 Kg4 75. Ke2 Kg3 76. Kf1 Be3 77. Ke2 Ba7 78. Kf1 Bf2 79. Ke2 Kg2 80. Kd2 Kf3 81. Kd3 Be3 82. Kc2 Ke2 83. Kc3 Bb6 84. Kc2 Bd4 85. Kc1 Be3+ 86. Kc2 Bd2 87. Kb2 Kd3 88. Kb1 Kc3 89. Ka2 Kc2 90. Ka1 Be3 91. Ka2 Bd4 92. Ka3 Bf6 93. Ka2 Bg7 94. Ka3 Kb1 95. Kb3 Bb2 96. Kc4 Kc2 97. Kb4 Bd4 98. Ka3 Kb1 99. Kb3 Bb2 100. Kc4 Kc2 101. Kb4 Bc1 102. Kc4 Be3 103. Kb4 Bd4 104. Ka3 Kc3 105. Ka2 $1 Kd2 106. Kb1 Kd1 107. Ka2 Kc2 108. Ka3 Bc5+ 109. Ka2 Bb4 110. Ka1 Bc3+ 111. Ka2 Bb2 1/2-1/2

[Event "Lliga Catalana DH 2023"]
[Site "Catalonia"]
[Date "2023.04.15"]
[Round "11.1"]
[White "Guerra Mendez, Jose Angel"]
[Black "Almeida Quintana, Omar"]
[Result "1/2-1/2"]
[ECO "B06"]
[WhiteElo "2497"]
[BlackElo "2527"]
[Annotator "TA"]
[PlyCount "77"]
[EventDate "2023.01.24"]
[EventType "team-tourn"]
[EventCountry "ESP"]
[SourceTitle "playchess.com"]
[Source "ChessBase"]
[SourceQuality "1"]
[TimeControl "40/5400+30:1800+30"]

1. e4 g6 2. d4 Bg7 3. Nc3 d6 4. Be3 a6 5. Qd2 b5 6. Bd3 Nd7 7. a4 {B06: Modern Defence.} b4 8. Nce2 c5 9. Nf3 {The position is equal.} Ngf6 10. Bh6 Bxh6 11. Qxh6 {[#] Hoping for e5.} cxd4 12. Nfxd4 Bb7 13. f3 {[#]} Nc5 $146 ({Predecessor:} 13... d5 14. exd5 Bxd5 15. O-O e5 16. Nb3 Qe7 17. Rad1 Nb6 18. Rfe1 Nxa4 19. Rb1 Bxb3 20. cxb3 {1-0 Baer,L-Keller,G (1200) DESC VM2001 fin email}) 14. O-O Rc8 15. Qd2 ({Better is} 15. Rfd1 $14) 15... e5 16. Nb3 Nxb3 17. cxb3 a5 18. Qe3 (18. Qh6 $11) 18... O-O $15 19. Rfd1 Qe7 20. Bc4 Rfd8 21. Qa7 Ra8 22. Qf2 Kg7 23. Ng3 h5 24. Nf1 d5 25. exd5 Nxd5 26. Re1 Qg5 27. Qg3 Qxg3 28. hxg3 f6 29. Rad1 Nb6 30. Kf2 Rac8 31. Ne3 Rd4 32. Be2 Rcd8 33. Nc4 {Wards off Rd2} ({White should try} 33. Rxd4 $11 exd4 34. Nc4 Nxc4 35. Bxc4) 33... Nxc4 34. bxc4 Bc6 35. b3 f5 {[%cal Bf6f5,Bf5f4][%mdl 32] White must now prevent ...Rxd1.} 36. Rxd4 Rxd4 37. Rd1 $2 {[%mdl 8192] [#] Prevents Rd2} (37. Ke3 $17) 37... Rxd1 $19 38. Bxd1 f4 39. Bc2 {[%mdl 32768] Weighted Error Value: White=0.30/Black=0.06 (flawless) . An unexpected result.} 1/2-1/2

[Event "Lliga Catalana DH 2023"]
[Site "Catalonia"]
[Date "2023.04.15"]
[Round "11.2"]
[White "Magem Badals, Jordi"]
[Black "Aloma Vidal, Robert"]
[Result "1/2-1/2"]
[ECO "C24"]
[WhiteElo "2510"]
[BlackElo "2446"]
[Annotator "TA"]
[PlyCount "60"]
[EventDate "2023.01.24"]
[EventType "team-tourn"]
[EventCountry "ESP"]
[SourceTitle "playchess.com"]
[Source "ChessBase"]
[SourceQuality "1"]
[TimeControl "40/5400+30:1800+30"]

1. e4 e5 2. Bc4 Nf6 3. d3 c6 4. Nf3 d5 5. Bb3 a5 {[%emt 0:01:53][%cal Ba7a5,Ba5a4][%mdl 32] [#] Strongly threatening ...a4.} 6. a3 {[%emt 0:10:15] C24: Bishop's Opening: 2...Nf6.} (6. Nxe5 $2 a4 7. Bxa4 Rxa4 $19) 6... a4 (6... dxe4 7. Nxe5 Be6 8. Bxe6 fxe6 9. Nc3 $14) 7. Ba2 Bd6 (7... dxe4 8. Ng5 Be6 9. Bxe6 (9. dxe4 Qxd1+ 10. Kxd1 Bxa2 $15) (9. Nxe6 fxe6 10. Bxe6 Na6 $11) 9... fxe6 10. dxe4 (10. Nxe4 Nxe4 11. dxe4 Qxd1+ 12. Kxd1 c5 $11) (10. Nxe6 Qd6 $11) 10... Qxd1+ 11. Kxd1) 8. exd5 {[%emt 0:11:16] The position is equal.} cxd5 9. Bg5 Be6 10. O-O Nc6 11. Nc3 (11. Re1 $11) 11... Ra5 $15 12. Re1 h6 13. Bh4 O-O 14. h3 Re8 15. Qd2 Bc7 16. Re2 {[%emt 0:18:19] [#]} (16. Qc1 $15) 16... d4 $146 (16... Nd4 $17 {aiming for ...Nxf3+.} 17. Nxd4 exd4 18. Bxf6 gxf6) ({Predecessor:} 16... Kh8 17. Rae1 d4 18. Ne4 Nxe4 19. Rxe4 Qd7 20. Bf6 Kg8 21. Rh4 Bd8 22. Bxg7 f5 23. Qxh6 Qxg7 24. Bxe6+ {1-0 Beerdsen,T (2519)-Kollars,D (2606) Titled Tuesday intern op 14th Feb Early blitz 2023 (3)}) 17. Bxf6 (17. Ne4 $14 g5 18. Nexg5 (18. Bxg5 Nxe4 19. Bxd8 Nxd2 $11) 18... Bxa2 19. Ne4 (19. Rxa2 Qd5 $14) 19... Nxe4 20. dxe4 (20. Rxe4 Qd6 $11)) 17... Qxf6 18. Ne4 Qd8 19. Bxe6 Rxe6 20. c3 dxc3 (20... f5 $5 21. Ng3 e4 $15) 21. Qxc3 (21. bxc3 $15 Rd5 22. Qc2) 21... Bb6 $17 22. Qc4 Rd5 23. Rd1 Nd4 24. Nxd4 Rxd4 25. Qb5 {[%emt 0:00:31] [#]} Qd5 (25... Kh7 $1 $17) 26. Nc3 $15 Qxb5 27. Nxb5 Rd5 28. Nc3 Rd4 29. Nb5 Rd5 30. Nc3 Rd4 {[%emt 0:00:31] Weighted Error Value: White=0.20 (precise) /Black=0.18 (very precise)} 1/2-1/2

[Event "Lliga Catalana DH 2023"]
[Site "Catalonia"]
[Date "2023.04.15"]
[Round "11.2"]
[White "Munoz, Miguel"]
[Black "Alonso Bouza, Julio Javier"]
[Result "1/2-1/2"]
[ECO "B07"]
[WhiteElo "2356"]
[BlackElo "2384"]
[Annotator "TA"]
[PlyCount "36"]
[EventDate "2023.01.24"]
[EventType "team-tourn"]
[EventCountry "ESP"]
[SourceTitle "playchess.com"]
[Source "ChessBase"]
[SourceQuality "1"]
[TimeControl "40/5400+30:1800+30"]

1. e4 d6 2. d4 Nf6 3. Nc3 g6 4. Bg5 c6 5. Qd2 Nbd7 6. f4 d5 {B07: Pirc Defence: Miscellaneous Systems.} 7. e5 Ne4 8. Nxe4 dxe4 {White is slightly better.} 9. Ne2 (9. Nh3 $5) 9... f6 10. Bh4 Bh6 {[#]} 11. exf6 $146 (11. Nc3 $5 ) ({Predecessor:} 11. Nc3 fxe5 12. dxe5 O-O 13. Bc4+ Kh8 14. Rf1 Qb6 15. Na4 e3 16. Qc3 Qd8 17. O-O-O {1-0 Ismagambetov,A (2554)-Vakhidov,J (2554) Tashkent zt 3.4 2019 (5)}) 11... Nxf6 12. Nc3 Nd5 13. Nxd5 cxd5 14. Be2 O-O 15. O-O Qc7 16. Bg5 Bxg5 17. fxg5 Be6 18. Rxf8+ Rxf8 {Weighted Error Value: White=0.11 (very precise) /Black=0.09 (flawless)} 1/2-1/2

[Event "Lliga Catalana DH 2023"]
[Site "Catalonia"]
[Date "2023.04.15"]
[Round "11.3"]
[White "Ayats Llobera, Gerard"]
[Black "Diaz Camallonga, Carles"]
[Result "1/2-1/2"]
[ECO "C18"]
[WhiteElo "2449"]
[BlackElo "2472"]
[Annotator "TA"]
[PlyCount "113"]
[EventDate "2023.01.24"]
[EventType "team-tourn"]
[EventCountry "ESP"]
[SourceTitle "playchess.com"]
[Source "ChessBase"]
[SourceQuality "1"]
[TimeControl "40/5400+30:1800+30"]

1. e4 e6 2. d4 d5 3. Nc3 Bb4 4. e5 c5 5. a3 Bxc3+ 6. bxc3 Qc7 7. Qg4 f6 {[%emt 0:00:06] Nowadays more popular than 7...f5.} 8. Bb5+ Kf8 {[%emt 0:00:21] Black is weak on the dark squares} 9. Qg3 $1 {[%emt 0:08:39] [#] C18: French: 3 Nc3 Bb4: Main line: 7 h4 and 7 Qg4.} fxe5 $146 (9... cxd4 $14 10. exf6 Qxc3+ 11. Qxc3 dxc3) ({Predecessor:} 9... cxd4 10. exf6 Qxg3 11. hxg3 gxf6 12. cxd4 Bd7 13. Bd3 Kg7 14. Ne2 Nc6 15. f3 Nge7 16. Bh6+ Kf7 {½-½ Overas,A-Hatlebakk,E NOR corr Norway 1985}) 10. dxe5 (10. Nf3 $1 $16 ) 10... Qf7 11. Nf3 (11. a4 $14) 11... h6 (11... c4 $1 $11) 12. a4 Ne7 13. O-O (13. Ba3 $5 ) 13... Bd7 14. c4 Nbc6 15. cxd5 Nxd5 16. Be3 b6 17. c4 Nde7 {[%emt 0:03:47] [#]} 18. a5 $1 Rb8 19. axb6 axb6 20. Rfd1 Be8 21. Qh4 (21. h3 $16) 21... Kg8 22. h3 $36 {[%emt 0:02:14][%mdl 2048] White has strong initiative. White has more active pieces. The black rooks are badly placed.} Nf5 (22... Qf5 $16) 23. Qe4 $1 $18 Qc7 24. Rd2 (24. g4 $18 Nfe7 25. Rd6) 24... Na5 (24... Nce7 $16 {was called for.} 25. Bxe8 Rxe8) 25. Rad1 Bc6 26. Bxc6 Qxc6 {[%emt 0:00:07] [#]} 27. Qg4 ({Stronger than} 27. Rd8+ Rxd8 28. Rxd8+ Kh7 29. Rxh8+ Kxh8 $11) 27... Rf8 $2 (27... Qe8 {is a better chance.} 28. Nh4 Nxh4) 28. Nh4 Nxh4 29. Qxh4 Qa4 30. Rd7 Rf7 31. Rd8+ Kh7 32. Qe4+ g6 33. Qh4 Kg7 {[%emt 0:00:50] [#]} 34. Bg5 $3 {[%emt 0:02:53][%mdl 576] Bf6+ would kill now. Pin} Qxd1+ 35. Rxd1 {[%emt 0:00:01] Intending Bf6+ and mate.} hxg5 36. Qxg5 Rh5 37. Qd8 Nxc4 38. Qe8 Nxe5 39. Qxe6 {[%emt 0:00:32] Hoping for Rd8.} Rf6 40. Qe8 Rf8 {[%emt 0:00:22] Wards off Rd8} 41. Qe6 Rf6 42. Qc8 {[%emt 0:00:23] Rd8 is the strong threat.} Nf7 {[%emt 0:00:14] Prevents Rd8} 43. Ra1 Rd5 44. Ra8 $2 (44. f3 $18) 44... Rd1+ $1 $14 45. Kh2 {[%emt 0:00:01] Black must now prevent Qf8+.} Rd8 {[%emt 0:00:07] Inhibits Qf8+.} ({Not} 45... Rxf2 46. Qf8+ Kh7 47. Ra7 $16) 46. Qb7 Rxa8 47. Qxa8 {[%emt 0:00:03] aiming for f3.} Rxf2 {[%emt 0:00:08][%mdl 4096] Endgame KQ-KRN} 48. Qa1+ Rf6 49. h4 {[%emt 0:00:23][%mdl 1024] White has compensation.} Nh6 $1 50. Kh3 {[%emt 0:00:33] And now g4 would win.} Nf5 {[%emt 0:00:26] [#]} (50... Kf7 $14) 51. Qa7+ ({Don't play} 51. Qe5 Nd6 $16) ({White must play} 51. g4 $1 $16 Nd4 52. Qa7+ Kg8 53. Qb8+ Kf7 54. Qb7+ Kf8 55. Qc8+ Ke7 56. Qc7+ Kf8 57. Qd8+ Kf7 58. Qd7+ Kf8 59. Qd8+ Kf7 60. Qd7+ Kf8 61. g5) 51... Kf8 $1 52. Qb8+ Kf7 53. Qc7+ Ne7 54. g4 Rc6 55. Qf4+ {[%emt 0:00:09] White is slightly better.} Rf6 56. Qc4+ Kf8 57. Kg3 {[%emt 0:01:42] Black defended with fortune. An exciting game.   Weighted Error Value: White=0.59/Black=0.27 (precise)} 1/2-1/2

[Event "Lliga Catalana DH 2023"]
[Site "Catalonia"]
[Date "2023.04.15"]
[Round "11.3"]
[White "Alonso Garcia, Rene Marcial"]
[Black "Radovanovic, Nikola"]
[Result "0-1"]
[ECO "E99"]
[WhiteElo "2325"]
[BlackElo "2407"]
[Annotator "TA"]
[PlyCount "78"]
[EventDate "2023.01.24"]
[EventType "team-tourn"]
[EventCountry "ESP"]
[SourceTitle "playchess.com"]
[Source "ChessBase"]
[SourceQuality "1"]
[TimeControl "40/5400+30:1800+30"]

1. d4 Nf6 2. c4 g6 3. Nc3 Bg7 4. e4 d6 5. Nf3 O-O 6. Be2 e5 7. O-O Nc6 8. d5 Ne7 9. Ne1 Nd7 10. Nd3 f5 11. f3 f4 12. b4 g5 13. c5 {E99: King's Indian: Classical Main Line: 9 Ne1 Nd7 10 f3 f5.} Nf6 14. a4 h5 15. Nf2 {White is better.} Ng6 16. a5 Rf7 17. Kh1 Bf8 18. c6 {[#]} Rh7 $146 ({Predecessor:} 18... bxc6 19. dxc6 Be6 20. b5 Ne7 21. Rg1 Rg7 22. g3 Qe8 23. Qf1 a6 24. gxf4 gxf4 {1-0 Firouzja,A (2682)-Aryan,C (2553) Asian Continental op 18th 2019 (9)}) 19. cxb7 Bxb7 20. Bd2 Bc8 $1 21. Kg1 Rg7 22. h3 Nh8 23. Qc2 a6 24. Ra3 {[#]} Nf7 $1 25. Rc1 g4 26. hxg4 hxg4 27. fxg4 Nh6 28. g5 Rxg5 $17 29. Ncd1 {[#]} Rg7 30. Rc3 Ra7 31. Kf1 (31. Ne3 $17 {was necessary.}) 31... Nfg4 (31... Qe8 $19 32. Bf3 Bd7) 32. Nxg4 Nxg4 33. Bxg4 {This move loses the game for White.} (33. Rh3 $17 {only move.}) 33... Bxg4 $19 34. Be1 {Inhibits Qh4.} Qg5 {Threatens to win with ...Qh5.} 35. Qf2 Rh7 {...Rh1+ is the strong threat.} 36. Qxa7 $2 (36. Qg1) 36... Rh1+ {[%mdl 64] Skewer. Black is clearly winning.} 37. Qg1 Qh5 ({And not} 37... Rxg1+ 38. Kxg1 Bh5 39. Rh3 $11 (39. Rxc7 $2 {too greedy.} Bf3 $19)) 38. Qxh1 Qxh1+ 39. Kf2 Be7 {Weighted Error Value: White=0.63/Black=0.06 (flawless)} 0-1

[Event "Lliga Catalana DH 2023"]
[Site "Catalonia"]
[Date "2023.04.15"]
[Round "11.4"]
[White "Garcia Ramos, Daniel"]
[Black "Gonzalez Perez, Arian"]
[Result "1-0"]
[ECO "B33"]
[WhiteElo "2426"]
[BlackElo "2395"]
[Annotator "TA"]
[PlyCount "75"]
[EventDate "2023.01.24"]
[EventType "team-tourn"]
[EventCountry "ESP"]
[SourceTitle "playchess.com"]
[Source "ChessBase"]
[SourceQuality "1"]
[TimeControl "40/5400+30:1800+30"]

1. e4 c5 2. Nf3 Nc6 3. d4 cxd4 4. Nxd4 Nf6 5. Nc3 e5 6. Ndb5 d6 7. Bg5 a6 8. Na3 b5 9. Bxf6 gxf6 10. Nd5 f5 11. g3 Bg7 12. exf5 Bxf5 13. Bg2 Be6 14. O-O O-O 15. c3 Rb8 16. Nc2 a5 17. Qd2 f5 {[%emt 0:06:23] B33: Sicilian: Pelikan and Sveshnikov Variations.} 18. Rad1 Qd7 19. Rfe1 (19. Nde3 $5 ) 19... Kh8 {[%emt 0:23:43] [#] The position is equal.} 20. Nf4 $1 {[%emt 0:09:54] Hoping for Bxc6. A dynamic duo of knights.} Bxa2 (20... Bf7 21. Qxd6) 21. Nh5 d5 22. Bxd5 $16 Qxd5 23. Qxd5 Bxd5 24. Rxd5 Rfd8 {[%emt 0:06:40] [#] Prevents Rd7} 25. Rc5 $146 {[%emt 0:03:36] White is more active.} ({Predecessor:} 25. Red1 Rxd5 26. Rxd5 Bf8 27. f4 exf4 28. Nxf4 b4 29. cxb4 Nxb4 30. Nxb4 Bxb4 31. Rxf5 {½-½ Lutzenberger,R (2367)-Baumann,R (2242) CFriend AR-2003-Q-00007 email (1)}) 25... Rb6 ({Black should try} 25... Rdc8) 26. Nxg7 Kxg7 27. Ne3 Rd2 28. Nxf5+ Kf6 29. g4 Rxb2 {[%emt 0:04:27] [#]} 30. f4 $1 exf4 {[%emt 0:05:51] [#]} 31. g5+ (31. Nd6 $1 $16 {[%mdl 512] White threatens Rf5+ and mate.} Ne7 32. g5+ Kg6 33. Re6+ Kh5 34. g6+ (34. Rxe7 $2 {loses.} Rxd6 35. Re1 Rdd2 $19) 34... Kg4 35. gxh7 Rxd6 36. Rxd6 (36. h8=B $2 {leads to mate.} Rd1+) 36... Rb1+ 37. Kf2 Rb2+ 38. Kg1 Rb1+ 39. Kf2 Rb2+ 40. Ke1 (40. Kg1 Rb1+ $18) 40... Rxh2 41. Re6 (41. Rxb5 a4 $16) 41... Rxh7 42. Rce5) 31... Kf7 $2 (31... Kg6 $1 $14) 32. Nd6+ $18 {[%emt 0:06:22][%mdl 1024] White has strong compensation.} Kg7 33. Re6 {[%emt 0:06:01] And now Nf5+ would win.} a4 (33... b4 $142 34. Nf5+ Kf7 35. Rf6+ (35. Rcxc6 Rxc6 36. Rxc6 a4 $11) 35... Ke8) 34. Rf6 $2 (34. Rf5 $18 {White wants to mate with Rf7+.} Rb8 35. Ne8+ {[%mdl 64] Discovered Attack} Rxe8 36. Rxe8) 34... a3 $2 {[%emt 0:01:09][%mdl 8192] [#]} (34... Kg8 $14) 35. Ne8+ $1 {[%emt 0:00:18] White mates.} Kg8 {[%emt 0:00:31] [#]} 36. Rcf5 $1 h5 37. g6 Rb1+ 38. Kg2 {[%emt 0:00:06] An entertaining game by Garcia Ramos.   Weighted Error Value: White=0.23 (precise) /Black=0.64} 1-0

[Event "Lliga Catalana DH 2023"]
[Site "Catalonia"]
[Date "2023.04.15"]
[Round "11.4"]
[White "Plasencia Martinez, Victor"]
[Black "Ortega Serra, Marc"]
[Result "0-1"]
[ECO "C00"]
[WhiteElo "2159"]
[BlackElo "2313"]
[Annotator "TA"]
[PlyCount "84"]
[EventDate "2023.01.24"]
[EventType "team-tourn"]
[EventCountry "ESP"]
[SourceTitle "playchess.com"]
[Source "ChessBase"]
[SourceQuality "1"]
[TimeControl "40/5400+30:1800+30"]

1. e4 e6 2. d3 d5 3. Nd2 Nc6 4. Ngf3 e5 5. Be2 Nf6 6. O-O Be7 7. c3 a5 8. a4 {C00: French: Unusual White 2nd moves.} O-O 9. Re1 Re8 10. Qc2 {The position is equal.} h6 11. h3 Bc5 {[#]} 12. Bf1 $146 ({Predecessor:} 12. Nf1 Be6 13. Ng3 Qd7 14. Bd2 dxe4 15. dxe4 Bxh3 16. gxh3 Qxh3 17. Nf5 Ng4 18. Be3 Nxe3 19. fxe3 {1-0 Shchekachev,A (2470)-Binham,T (2330) Vienna op 1991 (6)}) 12... dxe4 13. dxe4 Nh5 14. Nb3 Bb6 15. Be3 Bxe3 16. Rxe3 Nf4 17. Kh2 Qf6 18. g3 (18. Rd1 {with more complications.} b6 19. Bb5 Rf8 20. Bxc6 Qxc6 21. Nxe5 Qxa4 22. Nd4) 18... Ne6 19. Rd1 Ng5 20. Nxg5 hxg5 21. Bg2 Qh6 22. Qe2 (22. Rh1 $11) 22... b6 23. Nc1 Be6 24. g4 Ne7 25. f3 ({White should try} 25. Bf1) 25... Qf6 26. Qf2 Rad8 27. Ree1 Ng6 28. Qe3 Nf4 {Black is more active.} 29. Bf1 g6 30. Bb5 $2 {[#] This costs White the game.} (30. b3 $17) 30... Qh8 $1 $19 31. Bf1 Qh4 {Repels Qf2} 32. Ne2 Bb3 ({Don't blunder} 32... Nd3 $2 33. Ng3 Nxe1 34. Rxe1 $19) 33. Rxd8 Rxd8 34. Ng1 Bxa4 {White is weak on the dark squares} 35. b4 (35. Ba6 $142 b5 36. Rf1) 35... Bb3 36. bxa5 bxa5 {[#] Threatens to win with ...a4.} 37. Rb1 a4 {Strongly threatening ...Rd1.} 38. Rb2 Rd1 39. Bg2 Qe1 40. Qa7 Rd2 {Black mates.} 41. Qb8+ Kh7 42. Qxc7 Rxb2 {A cool game by Ortega Serra.   Weighted Error Value: White=0.53/Black=0.09 (flawless)} 0-1

[Event "Lliga Catalana DH 2023"]
[Site "Catalonia"]
[Date "2023.04.15"]
[Round "11.5"]
[White "Valenzuela Gomez, Fernando"]
[Black "Moskalenko, Viktor"]
[Result "1-0"]
[ECO "B07"]
[WhiteElo "2396"]
[BlackElo "2448"]
[Annotator "TA"]
[PlyCount "79"]
[EventDate "2023.01.24"]
[EventType "team-tourn"]
[EventCountry "ESP"]
[SourceTitle "playchess.com"]
[Source "ChessBase"]
[SourceQuality "1"]
[TimeControl "40/5400+30:1800+30"]

1. e4 d6 2. d4 Nf6 3. Nc3 g6 4. Be3 a6 5. h4 h5 {[%emt 0:03:32] [#]} 6. Nh3 $146 {[%emt 0:02:45] B07: Pirc Defence: Miscellaneous Systems.} ({Predecessor:} 6. f3 b5 7. Qd2 Bg7 8. O-O-O c6 9. Kb1 Qc7 10. a3 O-O 11. Nh3 Bxh3 12. Rxh3 a5 {0-1 Soors,S (2407)-Van der Werf,M (2405) Leiden Noteboom Memorial 75th 2015 (4)}) 6... Bxh3 7. Rxh3 Nbd7 8. Qe2 {[%emt 0:01:28] White is slightly better.} c6 9. O-O-O {[%emt 0:01:46][%cal Oe4e5] Strongly threatening e5!} Qc7 10. f3 b5 11. Bg1 e5 12. g4 Nb6 13. g5 Nfd7 {[%emt 0:06:10] [#]} 14. f4 $1 $36 {[%emt 0:02:29][%mdl 2048] White is pushing.} Bg7 $2 {[%emt 0:05:40][%mdl 8192] Black cannot hold the game after this.} ({Black should try} 14... b4 $14) (14... exf4 15. Qf3) 15. dxe5 $18 dxe5 16. f5 Bf8 17. Rf3 gxf5 18. exf5 (18. Rxf5 Be7 19. Bh3 Rh7 $18) 18... Bc5 19. Bh2 O-O-O 20. Ne4 Rhe8 21. Rc3 (21. g6 f6 22. Rb3 Rg8 23. Qxh5 Rh8 $18) 21... Bb4 22. Rcd3 Nd5 23. a3 ({Less strong is} 23. Qxh5 Nc5 $16) 23... Bf8 24. Qxh5 Nc5 25. Nxc5 Bxc5 26. Qe2 b4 $2 (26... Qb6 27. g6 (27. Bxe5 Be3+ 28. Kb1 Rxe5 $11) 27... e4) 27. axb4 Bxb4 28. Rb3 a5 29. Qa6+ Kb8 30. c3 {[%emt 0:03:06][%cal Bc2c3,Bc3b4][%mdl 96] Pin} Ne3 31. Re1 Nxf1 32. Rxf1 Qd6 33. cxb4 a4 34. Rc3 Qd2+ 35. Kb1 {[%emt 0:00:02] Qb6+ would kill now.} Rd6 {[%emt 0:00:03] [#]} 36. Rfc1 $1 {[%emt 0:01:52] White mates.} Qxh2 (36... Re7 37. Bxe5) 37. Rxc6 Rxc6 38. Qb5+ Ka7 39. Qxa4+ Ra6 40. Qd7+ {[%emt 0:00:06] Artfully played by Valenzuela Gomez.   Weighted Error Value: White=0.04 (flawless) /Black=0.54} 1-0

[Event "Lliga Catalana DH 2023"]
[Site "Catalonia"]
[Date "2023.04.15"]
[Round "11.5"]
[White "Saguillo Gonzalez, Oriol"]
[Black "Avila Jimenez, Xavier"]
[Result "0-1"]
[WhiteElo "2168"]
[BlackElo "2142"]
[Annotator "TA"]
[PlyCount "25"]
[EventDate "2023.01.24"]
[EventType "team-tourn"]
[EventCountry "ESP"]
[SourceTitle "playchess.com"]
[Source "ChessBase"]
[SourceQuality "1"]
[TimeControl "40/5400+30:1800+30"]

1. e4 d5 2. exd5 Qxd5 3. Nc3 Qd6 4. g3 Nf6 5. Bg2 c6 6. d4 {B01: Scandinavian Defence.} Bf5 {[%mdl 32768] [#]  Loss on time!?} {Predecessor:} 7. Nf3 $146 Nbd7 8. O-O e6 9. Nh4 Bg6 10. Bf4 Qb4 11. a3 Qb6 12. Nxg6 hxg6 13. Qd3 {½-½ Leko,P (2737)-Karpov,A (2619) Kiev rapid 2013 (3)} 0-1